 Dungeon Crawl Stone Soup version 0.28.0-53-g5a82cb258f (webtiles) character file.

Game seed: 8251136423022774002

24 101zpm the Magician (level 3, -6/25 HPs)
             Began as a Djinni Fire Elementalist on May 23, 2022.
             Mangled by a gnoll
             ... wielding a +0 whip
              (7 damage)
             ... on level 3 of the Dungeon.
             The game lasted 00:00:52 (806 turns).

101zpm the Magician (Djinni Fire Elementalist)       Turns: 806, Time: 00:00:53

Health: -6/25      AC:  2    Str:  7    XL:     3   Next: 15%
Gold:   16         EV:  6    Int: 18    God:
                   SH:  0    Dex: 13

rFire   + + .      SeeInvis .   (no weapon)
rCold   x . .      Faith    .   (no shield)
rNeg    . . .      Spirit   .   a - +0 robe
rPois   ∞          Reflect  .   (no helmet)
rElec   .          Harm     .   (no cloak)
rCorr   .          Rampage  .   (no gloves)
Will    .....                   (boots unavailable)
Stlth   ++........              (no amulet)
HPRegen 0.08/turn               (no ring)
MPRegen 0.00/turn               (no ring)

@: flying, held
A: sickness immunity, fire resistance 2, cold vulnerability 1, float, innate
caster, HP casting, extra vitality 1
a: no special abilities


You were on level 3 of the Dungeon.
You visited 1 branch of the dungeon, and saw 3 of its levels.

You collected 16 gold pieces.

Inventory:

Armour
 a - a +0 robe (worn)
Scrolls
 b - a scroll of teleportation {unknown}
 c - 2 scrolls of identify {unknown}
 d - a scroll of magic mapping {unknown}
 e - a scroll of vulnerability {unknown}
 f - a scroll of fog {unknown}
 g - a scroll of enchant armour {unknown}


   Skills:
 + Level 2.3 Dodging
 + Level 1.7 Stealth
 + Level 3.1 Spellcasting


You couldn't memorise any spells.
You knew the following spells:

 Your Spells              Type           Power      Damage    Failure   Level
a - Foxfire               Conj/Fire      52%        2x1d6     4%          1
b - Scorch                Fire           26%        2d6       7%          2
c - Conjure Flame         Conj/Fire      13%        6-21      14%         3
d - Inner Flame           Hex/Fire       13%        N/A       14%         3
e - Flame Wave            Conj/Fire      13%        2d6       41%         4
f - Apportation           Tloc           26%        N/A       4%          1
Your spell library was empty.

Dungeon Overview and Level Annotations

Branches:
Dungeon (3/15)

Altars:
Sif Muna


Innate Abilities, Weirdness & Mutations

You are immune to sickness and miasma.
You are immune to poison.
Your flesh is very heat resistant. (rF++)
You are vulnerable to cold. (rC-)
You float through the air rather than walking.
You learn spells naturally, not from books.
Your magical power is your life essence.
You have superior vitality. (+4 MHP)


Message History

Your foxfire dissipates!
The foxfire hits the gnoll.
The gnoll is heavily wounded.
The foxfire hits the gnoll.
The gnoll is severely wounded.
The gnoll throws a throwing net.
The throwing net hits you.
You become entangled in the net!
You see here a throwing net.
You conjure some foxfire!
The foxfire hits the gnoll.
You kill the gnoll!
Your Spellcasting skill increases to level 3!
You have reached level 3!
Your experience leads to an increase in your attributes!
Increase (S)trength, (I)ntelligence, or (D)exterity?
You feel clever. x2
The power to cast Apportation wells up from within.
Spell assigned to 'f'.
Casting: Foxfire (safe; 4% risk of failure)
Confirm with . or Enter, or press ? or * to list all spells.
Flames lash the gnoll.
The gnoll is moderately wounded.
The gnoll's fire resistance burns away.
Casting: Scorch (safe; 7% risk of failure)
Confirm with . or Enter, or press ? or * to list all spells.
Flames lash the giant cockroach.
You kill the giant cockroach!
The gnoll hits you with a +0 whip.
Casting: Scorch (safe; 7% risk of failure)
Confirm with . or Enter, or press ? or * to list all spells.
Flames lash the gnoll.
The gnoll is heavily wounded.
The gnoll's fire resistance burns away.
The gnoll hits you with a +0 whip!
* * * LOW HITPOINT WARNING * * *
Casting: Scorch (safe; 7% risk of failure)
Confirm with . or Enter, or press ? or * to list all spells.
Flames lash the gnoll.
The gnoll is burned terribly!
You kill the gnoll!
* * * LOW HITPOINT WARNING * * *
The gnoll hits you with a +0 whip!
You die...

#..........# .#....
#..........# ......
#..........#
.#....#######.#.#########
.....B. #.#.....#...#
#..... #.#####.#...#
##..... #.## #.#...#
.......######..####.#...#
......)g@v.........)....#
######.#######.######...#
... #..# #...# #### ##.#
#...# #.# #>..# #.# #####
. #.# ... #.## .#..#..#


You could see a gnoll (combustible, ally target).

Vanquished Creatures
  2 gnolls (D:3)
  A dart slug (D:3)
  2 orcs (D:3)
  An endoplasm (D:3)
  A giant cockroach (D:3)
  A hobgoblin (D:3)
  A quokka (D:3)
  A bat (D:1)
  A frilled lizard (D:1)
  A rat (D:1)
12 creatures vanquished.

Vanquished Creatures (others)
  52 foxfires
52 creatures vanquished.

Grand Total: 64 creatures vanquished

Notes
Turn   | Place    | Note
-------+----------+-------------------------------------------
     0 | D:1      | 101zpm the Djinni Fire Elementalist began the quest for the
                  | Orb.
     0 | D:1      | Reached XP level 1. HP: 15/15 MP: 0/0
   371 | D:3      | Reached XP level 2. HP: 13/21 MP: 0/0
   803 | D:3      | Reached skill level 3 in Spellcasting
   803 | D:3      | Reached XP level 3. HP: 22/25 MP: 0/0
   803 | D:3      | Learned a level 1 spell: Apportation
   806 | D:3      | Mangled by a gnoll

Illustrated notes

Levels and vault maps discovered:
D:1:      minmay_arrival_three_doors, layout_loops_ring,
          hellmonk_ecumenical_altar_crossroads, minmay_stone_trees_medium,
          nicolae_concentric_dashed_squares_wild, st_stairs_2,
          nicolae_figureground_sparkle
D:2:      layout_basic, basic_altar, serial_shops, shop
D:3:      minmay_evil_eye, layout_rooms

Skill      XL: |  1  2 |
---------------+-------+-----
Spellcasting   | 3 |  3.1
Dodging        | |  2.3
Stealth        | |  1.7

Action                   || total
-------------------------++-------
 Cast: Foxfire           ||    33
       Scorch            ||     5
Dodge: Dodged            ||     2
